 Dungeon Crawl Stone Soup version 0.23.2-30-g0e89c35 (webtiles) character file.

Game seed: 3816169782253706864

256 Kharma the Chopper (level 5, -3/45 HPs)
             Began as a Minotaur Gladiator on June 9, 2019.
             Killed by divine providence
             ... invoked by an orc priest
              (8 damage)
             ... on level 4 of the Dungeon.
             The game lasted 00:15:24 (2485 turns).

Kharma the Chopper (Minotaur Gladiator)             Turns: 2485, Time: 00:15:25

Health: -3/45      AC:  9    Str: 19    XL:     5   Next: 92%
Magic:  13/13      EV: 11    Int:  5    God:
Gold:   88         SH:  0    Dex: 12    Spells: 4/4 levels left

rFire    . . .     SeeInvis .   s - +0 falchion (elec)
rCold    . . .     Gourm    .   (no shield)
rNeg     . . .     Faith    .   y - +0 scale mail
rPois    .         Spirit   .   c - +0 hat
rElec    .         Reflect  .   (no cloak)
rCorr    .         Harm     .   (no gloves)
MR       .....                  o - +2 pair of boots {Fly}
Stlth    ..........             (no amulet)
HPRegen  0.15/turn              n - ring of wizardry
MPRegen  0.13/turn              t - ring of magical power

@: flying, invisible
A: retaliatory headbutt, horns 2
a: Stop Flying


You were on level 4 of the Dungeon.
You were not hungry.

You visited 1 branch of the dungeon, and saw 4 of its levels.

You collected 88 gold pieces.

Inventory:

Hand Weapons
 a - a +0 war axe
 h - a +0 dagger
 i - a cursed -3 club
 j - a +0 dagger
 r - a +0 short sword
 s - a +0 falchion of electrocution (weapon)
Missiles
 d - 3 throwing nets (quivered)
 g - 6 javelins
 v - 6 needles of sleeping
 w - 15 poisoned needles
Armour
 b - a +0 leather armour
 c - a +0 hat (worn)
 e - a +0 ring mail
 o - a +2 pair of boots of flying (worn)
 p - a +0 leather armour
 y - a +0 scale mail (worn)
Jewellery
 n - a ring of wizardry (left hand)
 t - a ring of magical power (right hand)
Wands
 A - a wand of digging (4)
Scrolls
 k - 3 scrolls of identify
 l - a scroll of fog
 x - a scroll of remove curse
 B - a scroll of enchant armour {unknown}
Potions
 m - 2 potions of lignification
 q - a potion of might {unknown}
Comestibles
 f - 2 rations


   Skills:
 + Level 3.4 Fighting
 + Level 1.5 Long Blades
 + Level 5.1 Axes
 + Level 2.2 Throwing
 + Level 3.1 Armour
 + Level 4.3 Dodging
 + Level 1.1 Stealth


You had 4 spell levels left.
You didn't know any spells.
Your spell library was empty.

Dungeon Overview and Level Annotations

Branches:
Dungeon (4/15)
 Temple: D:4-7

Altars:


Innate Abilities, Weirdness & Mutations

You reflexively headbutt those who attack you in melee.
You have a pair of horns on your head.


Message History

An orc comes into view. It is wielding a +0 hand axe.
Items here: )) [[ †† An orc comes into view.
It is wielding a +0 hand axe.
The orc shouts!
The orc priest hits you with a +0 hand axe.
* * * LOW HITPOINT WARNING * * *
Items here: )) [[ †† The orc priest mumbles some strange prayers to Beogh against you.
You barely resist.
There is a shaft, spattered with blood here.
The orc priest invokes the aid of Beogh against you.
Pain shoots through your body!
* * * LOW HITPOINT WARNING * * *
The orc priest hits you with a +0 hand axe.
* * * LOW HITPOINT WARNING * * *
It was a potion of invisibility.
You fade into invisibility!
The orc priest calls down the wrath of Beogh upon you.
Beogh smites you!
You die...

#.# #.# #.# #.#
#.# #.#
######.#####..
#..@oo........
#....o........
##.###.#####.# #.
#.# .# #. #.# .#
##.###o#####.#...
#.....^o).oo.'...
######?#####.#...
#.# .#


You could see an orc priest and 2 orcs.

Vanquished Creatures
  An orc warrior (D:4)
  A hound (D:2)
  An orc wizard (D:4)
  4 adders
  An ooze (D:3)
  A worm (D:3)
  A dart slug (D:1)
  5 leopard geckos
  2 ball pythons
  3 bats (D:2)
  4 giant cockroaches
  5 goblins (D:1)
  10 hobgoblins
  2 jackals (D:2)
  6 kobolds
  2 quokkas
  5 frilled lizards
  A rat (D:2)
55 creatures vanquished.

Notes
Turn   | Place    | Note
-------+----------+-------------------------------------------
     0 | D:1      | Kharma the Minotaur Gladiator began the quest for the Orb.
     0 | D:1      | Reached XP level 1. HP: 18/18 MP: 0/0
   289 | D:1      | Reached XP level 2. HP: 25/25 MP: 1/1
   815 | D:1      | Reached skill level 4 in Axes
  1041 | D:2      | Reached XP level 3. HP: 30/30 MP: 2/2
  1649 | D:2      | Reached skill level 1 in Armour
  1649 | D:2      | Reached XP level 4. HP: 37/37 MP: 3/3
  2245 | D:3      | Reached XP level 5. HP: 33/45 MP: 4/4
  2458 | D:4      | Noticed an orc warrior
  2468 | D:4      | Killed an orc warrior
  2468 | D:4      | Reached skill level 1 in Long Blades
  2468 | D:4      | Reached skill level 5 in Axes
  2468 | D:4      | Reached skill level 1 in Stealth
  2485 | D:4      | Killed from afar by an orc priest

Skill      XL: |  1  2  3  4  5 |
---------------+----------------+-----
Axes           | 4 5 |  5.1
Armour         | 1 2 3 |  3.1
Fighting       | 3 |  3.4
Dodging        | 4 |  4.3
Long Blades    | 1 |  1.5
Stealth        | 1 |  1.1
Throwing       | |  2.2

Action                   |  1- 3 |  4- 6 || total
-------------------------+-------+-------++-------
Melee: War axe           |    45 |       ||    45
       Headbutt          |     8 |    12 ||    20
       Falchion          |    21 |    40 ||    61
  Use: Scroll            |     1 |     1 ||     2
       Potion            |       |     2 ||     2
  Eat: Ration            |     1 |     1 ||     2
Armor: Ring mail         |    34 |    11 ||    45
       Scale mail        |       |    14 ||    14
Dodge: Dodged            |    63 |    38 ||   101
       Rpst.: Falchion   |     7 |    12 ||    19
